 Dungeon Crawl Stone Soup version 0.26-a0-708-g17f3b190f9 (webtiles) character file.

Game seed: 9493479614787611888

11 jasper the Sneak (level 2, -3/21 HPs)
             Began as a Mummy Delver on Oct 29, 2020.
             Was an Initiate of Hepliaklqana.
             Slain by a bullfrog skeleton (6 damage)
             ... on level 4 of the Dungeon.
             The game lasted 00:01:08 (371 turns).

jasper the Sneak (Mummy Delver)                      Turns: 371, Time: 00:01:08

Health: -3/21      AC:  3    Str: 15    XL:     2   Next: 17%
Magic:  2/2        EV: 12    Int:  9    God:    Hepliaklqana [......]
Gold:   16         SH:  0    Dex: 13    Spells: 1/1 levels left

rFire    x . .     SeeInvis .   a - +0 hand axe
rCold    + . .     Faith    .   (no shield)
rNeg     + + +     Spirit   .   b - +0 leather armour
rPois    ∞         Reflect  .   (no helmet)
rElec    .         Harm     .   (no cloak)
rCorr    .         Rampage  .   (no gloves)
MR       .....                  (no boots)
Stlth    ++........             (no amulet)
HPRegen  0.07/turn              (no ring)
MPRegen  0.08/turn              (no ring)

@: no status effects
A: no potions, fire vulnerability, reduced essence, cold resistance 1, negative
energy resistance 3, torment resistance, unbreathing
a: Recall Ancestor, Ancestor Identity, Renounce Religion


You were on level 4 of the Dungeon.
You worshipped Hepliaklqana.
Hepliaklqana was noncommittal.
You visited 1 branch of the dungeon, and saw 2 of its levels.

You collected 16 gold pieces.

Inventory:

Hand Weapons
 a - a +0 hand axe (weapon)
 i - a +0 hunting sling
Missiles
 h - 27 stones (quivered)
Armour
 b - a +0 leather armour (worn)
Wands
 f - a wand of digging (1)
 g - a wand of polymorph (5)
Scrolls
 c - a scroll of fog
 d - a scroll of magic mapping
 e - a scroll of fear


   Skills:
 + Level 3.1 Fighting
 * Level 1.9 Axes
 + Level 0.4 Armour
 + Level 1.7 Dodging
 - Level 4.1 Stealth


You had one spell level left.
You didn't know any spells.
Your spell library contained the following spells:

 Spells                   Type           Power        Failure   Level
 Animate Skeleton         Necr           #.....       45%         1
 Apportation              Tloc           #.....       45%         1
 Corona                   Hex            #......      45%         1
 Summon Small Mammal      Summ           #...         45%         1


Dungeon Overview and Level Annotations

Branches:
Dungeon (5/15)
 Temple: D:4-7

Altars:
Dithmenos
Elyvilon
Hepliaklqana
Nemelex Xobeh
Yredelemnul
Zin


Innate Abilities, Weirdness & Mutations

You do not drink.
Your flesh is vulnerable to fire.
You are immune to poison.
Your flesh is cold resistant. (rC+)
You are immune to negative energy. (rN+++)
You are immune to unholy pain and torment.
You can survive without breathing.
Your life essence is reduced to manifest your ancestor. (-10% HP)


Message History

Found a glowing silver altar of Zin.
Found a puce potion.
A bullfrog skeleton comes into view.
The bullfrog skeleton hits you but does no damage.
You hit the bullfrog skeleton.
The bullfrog skeleton is lightly damaged.
The bullfrog skeleton barely misses you.
The bullfrog skeleton hits you.
* * * LOW HITPOINT WARNING * * *
You take 4 damage, and have 6/21 hp.
You hit the bullfrog skeleton.
The bullfrog skeleton is lightly damaged.
The bullfrog skeleton misses you. The bullfrog skeleton hits you.
* * * LOW HITPOINT WARNING * * *
You take 3 damage, and have 3/21 hp.
The bullfrog skeleton barely misses you.
You slash the bullfrog skeleton!
The bullfrog skeleton is heavily damaged.
The bullfrog skeleton hits you.
You die...

####..... ####..#....
..#...... ......#
.....## #.....##
#......# ####.####...
#....Z@.# . #.##.##.#
....##.#...#.#..
..!......._......
......#.#...#.## .
......#.##.##.# ..
..... #.......# ....Z.
......####.#### ..#...
.....s..)..######.....


You could see a bullfrog skeleton.

Vanquished Creatures
  A shadow imp (D:5)
  3 jackals (D:5)
4 creatures vanquished.

Vanquished Creatures (others)
  An ancestor (D:5)
1 creature vanquished.

Grand Total: 5 creatures vanquished

Notes
Turn   | Place    | Note
-------+----------+-------------------------------------------
     0 | D:5      | jasper the Mummy Delver began the quest for the Orb.
     0 | D:5      | Reached XP level 1. HP: 18/18 MP: 1/1
    79 | D:5      | Found a hazy altar of Hepliaklqana.
    83 | D:5      | Found a shadowy altar of Dithmenos.
    98 | D:5      | Found a sparkling altar of Nemelex Xobeh.
    98 | D:5      | Found a white marble altar of Elyvilon.
   103 | D:5      | Found a basalt altar of Yredelemnul.
   114 | D:5      | Became a worshipper of Hepliaklqana the Forgotten
   152 | D:5      | Reached XP level 2. HP: 13/21 MP: 2/2
   277 | D:5      | Noticed a sky beast
   352 | D:4      | Noticed a scorpion
   353 | D:4      | Found a glowing silver altar of Zin.
   371 | D:4      | Slain by a bullfrog skeleton

Illustrated notes

Levels and vault maps discovered:
D:4:      layout_cave_pools, nicolae_overflow_crystal_walls,
          kennysheep_generic_room_5
D:5:      layout_loops_cross, minitemple, grunt_qazlal_clouds

Action                   || total
-------------------------++-------
Melee: Hand axe          ||    20
Evoke: Wand              ||     2
Armor: Leather armour    ||     6
Dodge: Dodged            ||    18

Table legend: (Time is in decaauts)
 A = Elapsed time spent in this place.
 B = Non-inter-level travel time spent in this place.
 C = Inter-level travel time spent in this place.
 D = Time resting spent in this place.
 E = Time spent auto-exploring this place.
 F = Levels seen in this place.
 G = Mean time per level.
                   A        B        C        D        E       F      G
               +--------+--------+--------+--------+--------+-----+--------+
         Total |    375 |    375 |      0 |    113 |     67 |   2 |  187.5 |
       Dungeon |    375 |    375 |      0 |    113 |     67 |   2 |  187.5 |
               +--------+--------+--------+--------+--------+-----+--------+

Top non-repeatable levels by time:
     D:5: 346 daAuts
     D:4: 28 daAuts
